AoeStats
← :)

Arabia

507357851Analyzed
4v4 RM · 16d ago on Sep 17, 2026· 18m 52s· 8 players
Game mode
Random Map
Map size
Large (8 player)
Population
200
Speed
Normal
Resources
Standard
Victory
Conquest
Starting age
Dark Age
Ending age
Imperial Age
RankedLock teamsTeams togetherTeam positionsShared explorationLock speedFull tech treeHidden civsTurbo modeCheats
Victory
Defeat
🇦🇷 Persians · Argentina
1546
+8
🇦🇷 Magyars · Argentina
1444
+12
🇦🇷 Maya · Argentina
1431
+12
🇦🇷 Huns · Argentina
1388
+14
🇩🇪 Franks · Germany
1394
-13
🇦🇷 Magyars · Argentina
1379
-13
🇧🇷 Teutons · Brazil
1317
-10
🇧🇪 Ethiopians · Belgium
1312
-10
FloAoE
7:00 Loom
9:44 Feudal Age
10:26 Double-Bit Axe
Pryda
7:54 Loom
11:56 Feudal Age
:)
6:55 Loom
9:13 Feudal Age
9:53 Double-Bit Axe
10:38 Horse Collar
Onizuka
7:36 Loom
9:58 Feudal Age
10:30 Double-Bit Axe
pastorcito
0:25 Loom
9:27 Feudal Age
10:43 Double-Bit Axe
13:49 Fletching
ElpeluquerodeCapoch
6:24 Loom
9:11 Feudal Age
10:22 Double-Bit Axe
11:03 Horse Collar
Enlassombras
6:14 Loom
8:54 Feudal Age
10:28 Double-Bit Axe
gabi98bac
5:40 Loom
Connection lost

Rejoining the realm…

Still unreachable

The connection could not be restored.

Session expired

The server has moved on; the page needs a fresh start.